 Dungeon Crawl Stone Soup version 0.28-a0-1567-g1695149f81 (webtiles) character file.

Game seed: 2755822655361350629

20873 tatocazan the Cleaver (level 12, -8/78 HPs)
             Began as a Gargoyle Fighter on Jan 19, 2022.
             Was a High Priest of Makhleb.
             Mangled by a reaper (22 damage)
             ... in a Gauntlet.
             The game lasted 00:20:47 (13031 turns).

tatocazan the Cleaver (Gargoyle Fighter)           Turns: 13031, Time: 00:20:48

Health: -8/78      AC: 30    Str: 24    XL:     12   Next: 84%
Magic:  19/19      EV: 10    Int: 13    God:    Makhleb [*****.]
Gold:   1591       SH: 14    Dex:  9    Spells: 11/11 levels left

rFire   . . .      SeeInvis .   A - +10 war axe of the Eleven Mice {freeze, Int+3}
rCold   . . .      Faith    .   O - +0 kite shield
rNeg    + . .      Spirit   .   n - +0 plate armour
rPois   ∞          Reflect  +   f - +0 helmet
rElec   +          Harm     .   (no cloak)
rCorr   .          Rampage  .   d - +2 pair of gloves {hurl}
Will    .....      Clarity  +   i - +0 pair of boots
Stlth   .......... NoTele   +   g - amulet of reflection
HPRegen 0.23/turn               K - +4 ring of evasion
MPRegen 0.16/turn               (no ring)

@: no status effects
A: sickness immunity, AC +8, negative energy resistance 1, electricity
resistance, torment resistance 1, petrification resistance, clarity, subdued
magic 1
a: Renounce Religion, Minor Destruction, Lesser Servant of Makhleb, Major
Destruction, Greater Servant of Makhleb


You were in a Gauntlet.
You worshipped Makhleb.
Makhleb was extremely pleased with you.
You visited 3 branches of the dungeon, and saw 13 of its levels.
You also visited: Ossuary, Bailey and Gauntlet.

You collected 1870 gold pieces.
You spent 279 gold pieces at shops.

Inventory:

Hand Weapons
 a - a +0 flail
 h - a +1 broad axe
 A - the +10 war axe of the Eleven Mice (weapon) {freeze, Int+3}
   (You found it on level 6 of the Dungeon)

   It freezes those it strikes, dealing additional cold damage.
   It can also slow down cold-blooded creatures.
   Int:       It affects your intelligence (+3).
Missiles
 N - 5 boomerangs of dispersal (quivered)
Armour
 c - a +0 buckler
 d - a +2 pair of gloves of hurling (worn)
 f - a +0 helmet (worn)
 i - a +0 pair of boots (worn)
 n - a +0 plate armour (worn)
 J - a +0 buckler of positive energy
 O - a +0 kite shield (worn)
 Q - the +0 helmet of Foapn {Int+3}
   (You found it in a Gauntlet)

   Int:       It affects your intelligence (+3).
Jewellery
 g - an amulet of reflection (around neck)
 B - a +6 ring of intelligence
 E - a ring of willpower
 K - a +4 ring of evasion (left hand)
Wands
 x - a wand of polymorph (21)
 F - a wand of iceblast (1)
 H - a wand of flame (12)
 I - a wand of paralysis (6)
 M - a wand of mindburst (4)
Scrolls
 b - a scroll of amnesia
 l - a scroll of teleportation
 m - 3 scrolls of enchant weapon
 o - 2 scrolls of noise
 y - 3 scrolls of fog
 D - 7 scrolls of identify
 G - a scroll of fear {unknown}
 L - a scroll of blinking
 P - 4 scrolls of enchant armour {unknown}
Potions
 e - 2 potions of degeneration
 j - a potion of attraction {unknown}
 k - 2 potions of cancellation {unknown}
 p - a potion of invisibility
 q - a potion of heal wounds
 r - 2 potions of haste
 s - 4 potions of flight {unknown}
 t - 4 potions of mutation
 u - 3 potions of ambrosia {unknown}
 v - 3 potions of magic {unknown}
 w - 5 potions of brilliance {unknown}
 z - a potion of resistance {unknown}
 C - a potion of lignification {unknown}


   Skills:
 + Level 10.5 Fighting
 * Level 11.7(11.8) Axes
 - Level 2.5(8.6) Maces & Flails
 + Level 10.6 Armour
 + Level 2.7 Dodging
 * Level 6.6 Shields
 + Level 9.4 Invocations


You had 11 spell levels left.
You didn't know any spells.
Your spell library contained the following spells:

 Spells                   Type           Power      Damage    Failure   Level
 Gell's Gravitas          Tloc           0%         N/A       100%        3
 Teleport Other           Tloc           0%         N/A       100%        3
 Dispersal                Tloc           0%         N/A       100%        6


Dungeon Overview and Level Annotations

Branches:
Dungeon (10/15)            Temple (0/1) D:4            Lair (1/6) D:10
    Orc (2/2) D:9             Elf (0/3) Orc:2       Ossuary (visited)
 Bailey (visited)         Gauntlet (1/1)

Altars:
Ashenzari
Cheibriados
Elyvilon
Hepliaklqana
Makhleb
Nemelex Xobeh
Okawaru
Qazlal
Sif Muna
Trog
Xom

Shops:
D:5 [[:*[   Orc:1 *

Annotations:
Orc:1 3 runed translucent doors, Dootley's ghost, journeyman FoFi Gauntlet 7 transporters


Innate Abilities, Weirdness & Mutations

You are immune to sickness and miasma.
Your stone body is resilient. (AC +8)
You are immune to poison.
You resist negative energy. (rN+)
You are resistant to electric shocks. (rElec)
You are resistant to unholy torment.
You are immune to petrification.
You possess an exceptional clarity of mind.
Your spells are a little easier to cast, but a little less powerful.


Message History

The reaper hits you but does no damage.
You take 1 damage, and have 77/78 hp.
You block the hellwing's attack.
The hellwing hits you but does no damage.
The shadow imp shouts, "Escape, thou bumbling elf-skinned surfacer!"
You block the shadow imp's attack.
The hellwing swoops through the air toward you!
The hellwing hits you! You block the hellwing's attack.
You take 9 damage, and have 68/78 hp.
The hellwing hits you! The hellwing barely misses you.
The reaper draws a finger across its throat.
You take 7 damage, and have 61/78 hp.
The shadow imp grins evilly.
The shadow imp misses you.
The hell beast howls!
The reaper whispers, "Time's up, tatocazan!"
You see here the +0 helmet of Foapn {Int+3}.
Q - the +0 helmet of Foapn {Int+3} The hellwing misses you.
The hellwing closely misses you.
A demon appears!
The reaper hits you from afar with a +1 scythe of venom!!
The hellwing barely misses you. You block the hellwing's attack.
You take 24 damage, and have 37/78 hp.
MASSIVE DAMAGE!!
You slash the hellwing! You freeze the hellwing.
The hellwing is moderately wounded.
The reaper closely misses you. The hellwing hits you.
You block the hellwing's attack.
Your ynoxinul hits the hellwing. The shadow imp hits your ynoxinul.
You take 4 damage, and have 33/78 hp.
The hell hound barks!
You slash the hellwing! You freeze the hellwing.
The hellwing is almost dead.
The reaper hits you from afar with a +1 scythe of venom!!
* * * LOW HITPOINT WARNING * * *
You block the hellwing's attack.
The hellwing hits you but does no damage.
Your ynoxinul hits the hellwing but does no damage.
The shadow imp barely misses your ynoxinul.
The reaper hits you from afar with a +1 scythe of venom!!
You die...

..######..##..#.$#..#...##.
...#...#h.#..##..#..#.8....
..$#...#...#...h2#..#...##.
####...###########§§#...#
.....≈............§§#.©.##
....≈8≈...........§§#......
.....≈§............§#.©.##.
####...###########..#...#
...#...#....#..#@#..#...##
#..#...#...#..#34#..#.8...
##.#####..#..#25##..#...##
#.}#...#.#..#..#.#..#.8.#
#.©#©.©##.©#..#.©#..#...#
#..#...#.#..#..#.#..#≈8≈#
##.#####..#..#..##..#####
#..#...#...#..#.$#..#
...#.8.#....#..#$#..###


You could see a hell beast, a reaper, a hellwing (ally target), a hell hound, a
shadow imp and a friendly ynoxinul (summoned).

Vanquished Creatures
  A tengu warrior (Gauntlet)
  3 two-headed ogres
  Pikel (D:8)
  An orc sorcerer (Orc:1)
  A cyclops (Orc:1)
  6 elephants (Gauntlet)
  A torpor snail (Gauntlet)
  5 gargoyles (D:9)
  A kobold demonologist (D:9)
  3 tengu conjurers
  4 trolls
  Grinder (D:4)
  8 spriggans (Bailey)
  A wraith (D:10)
  A wyvern (D:8)
  A vampire (D:9)
  Grum (D:8)
  2 steam dragons
  9 yaks
  Menkaure (D:4)
  Edmund (D:4)
  An acid dragon (Bailey)
  2 wargs (Orc:2)
  6 water moccasins (D:10)
  Duvessa (D:5)
  15 orc warriors
  2 sky beasts (D:5)
  A black bear (D:10)
  2 necrophages
  4 wolves (D:8)
  14 ogres
  3 centaurs
  2 phantoms
  2 lemures (D:8)
  6 kobold brigands
  2 bullfrogs
  2 gnoll sergeants
  A wyvern zombie (D:5)
  Dowan (D:5)
  5 wights (D:10)
  11 killer bees (D:9)
  4 howler monkeys
  A jelly (D:5)
  2 bullfrog zombies (D:5)
  4 crimson imps (D:10)
  A hound (D:4)
  12 orc priests
  2 centaur skeletons
  2 gnoll shamans
  12 orc wizards
  An iguana (D:6)
  9 mummies
  26 gnolls
  A howler monkey zombie (D:10)
  8 adders
  A white imp (D:7)
  2 ufetubi
  A worm (D:2)
  The ghost of spaghetti the Sneak, a weakling OpDe (D:7)
  57 orcs
  3 endoplasms
  3 gnoll zombies (Ossuary)
  5 hobgoblins
  8 jackals
  5 kobolds
  2 quokkas (D:2)
  6 ball pythons
  7 bats
  2 frilled lizards (D:2)
  7 goblins
  2 hobgoblin zombies (Ossuary)
  2 kobold zombies (Ossuary)
  An orc zombie (Ossuary)
  6 rats
342 creatures vanquished.

Vanquished Creatures (others)
  2 orcs (Orc:1)
  14 fungi
  10 plants (D:10)
  14 withered plants (Gauntlet)
40 creatures vanquished.

Grand Total: 382 creatures vanquished

Notes
Turn   | Place    | Note
-------+----------+-------------------------------------------
     0 | D:1      | tatocazan the Gargoyle Fighter began the quest for the Orb.
     0 | D:1      | Reached XP level 1. HP: 14/14 MP: 1/1
   251 | D:1      | Reached XP level 2. HP: 11/19 MP: 2/2
   877 | D:1      | Reached XP level 3. HP: 19/23 MP: 3/3
  1156 | D:2      | Reached skill level 1 in Axes
  1246 | D:2      | Reached XP level 4. HP: 25/29 MP: 4/4
  1486 | D:2      | Found a faded altar of an unknown god.
  1530 | D:2      | Reached skill level 2 in Axes
  1763 | D:2      | Reached XP level 5. HP: 33/33 MP: 5/5
  2046 | D:3      | Found a burning altar of Makhleb.
  2061 | D:3      | Became a worshipper of Makhleb the Destroyer
  2822 | D:4      | Noticed an ogre
  2822 | D:4      | Found a staircase to the Ecumenical Temple.
  2949 | D:4      | Found a sand-covered staircase.
  2954 | Ossuary  | Entered an ossuary
  2973 | Ossuary  | Reached skill level 3 in Axes
  2983 | Ossuary  | Reached XP level 6. HP: 25/39 MP: 6/6
  3097 | Ossuary  | Reached skill level 1 in Invocations
  3151 | Ossuary  | Reached * piety under Makhleb
  3345 | Ossuary  | Identified a scroll of acquirement
  3345 | Ossuary  | Acquired 696 gold pieces
  4256 | D:4      | Found a sparkling altar of Nemelex Xobeh.
  4345 | D:4      | Noticed Edmund
  4356 | D:4      | Killed Edmund
  4357 | D:4      | Reached skill level 5 in Fighting
  4357 | D:4      | Reached skill level 4 in Axes
  4357 | D:4      | Reached skill level 5 in Armour
  4357 | D:4      | Reached XP level 7. HP: 37/44 MP: 8/8
  4468 | D:5      | Entered Level 5 of the Dungeon
  4468 | D:5      | Found Xoxki's Armour Shoppe.
  4471 | D:5      | Noticed Menkaure
  4474 | D:5      | Noticed Grinder
  4792 | D:5      | Paralysed by Grinder for 5 turns
  4804 | D:4      | Killed Menkaure
  4974 | D:4      | Paralysed by Grinder for 5 turns
  4991 | D:4      | Paralysed by Grinder for 6 turns
  4997 | D:4      | Killed Grinder
  4998 | D:4      | Reached skill level 5 in Axes
  4998 | D:4      | Reached XP level 8. HP: 4/50 MP: 10/10
  5477 | D:5      | Found Koicwur's Antique Armour Boutique.
  5879 | D:5      | Noticed Duvessa
  5881 | D:5      | Reached skill level 6 in Axes
  5881 | D:5      | Noticed Dowan
  5890 | D:5      | Killed Dowan
  5894 | D:5      | Killed Duvessa
  5894 | D:5      | Reached ** piety under Makhleb
  5895 | D:5      | Reached XP level 9. HP: 38/56 MP: 12/12
  5996 | D:5      | Found Maupn's Book Shop.
  6026 | D:5      | Found a hazy altar of Hepliaklqana.
  6029 | D:5      | Found Uvuegh's Armour Shoppe.
  6038 | D:5      | Bought a +2 pair of gloves of hurling for 279 gold pieces
  6071 | D:5      | Found Miang's General Store.
  6204 | D:5      | Found an iron altar of Okawaru.
  6388 | D:6      | Gained mutation: You possess an exceptional clarity of
                  | mind. [potion of mutation]
  6388 | D:6      | Gained mutation: Your spells are a little easier to cast,
                  | but a little less powerful. [potion of mutation]
  6523 | D:6      | Found a bloodstained altar of Trog.
  6888 | D:6      | Identified the +10 war axe of the Eleven Mice {freeze,
                  | Int+3}
  7016 | D:6      | Reached skill level 5 in Invocations
  7348 | D:7      | Found a flagged portal.
  7366 | Bailey   | Entered a bailey
  7392 | Bailey   | Reached skill level 7 in Axes
  7463 | Bailey   | Noticed a two-headed ogre
  7492 | Bailey   | Killed a two-headed ogre
  7493 | Bailey   | Reached skill level 8 in Axes
  7493 | Bailey   | Reached XP level 10. HP: 14/64 MP: 14/14
  7519 | Bailey   | HP: 2/64 [something (3)]
  8184 | D:7      | Found a runed translucent door.
  8184 | D:7      | Noticed spaghetti's ghost (weakling OpDe)
  8367 | D:7      | Identified the +2 great sword of the Sun {speed, Fragile
                  | rF+ rN+}
  8371 | D:7      | Killed spaghetti's ghost
  8483 | D:8      | Noticed a two-headed ogre
  8494 | D:8      | Noticed Pikel
  8497 | D:8      | Killed Pikel
  8498 | D:8      | Reached skill level 9 in Axes
  8500 | D:8      | Reached *** piety under Makhleb
  8634 | D:8      | Killed a two-headed ogre
  8778 | D:8      | Noticed Grum
  8783 | D:8      | Reached XP level 11. HP: 63/69 MP: 16/16
  8795 | D:8      | Killed Grum
  9026 | D:9      | Reached skill level 10 in Axes
  9073 | D:9      | Reached **** piety under Makhleb
  9534 | D:9      | Found a stormy altar of Qazlal.
  9725 | D:9      | Found a white marble altar of Elyvilon.
  9725 | D:9      | Found a broken altar of Ashenzari.
 10004 | D:9      | Found a staircase to the Orcish Mines.
 10666 | Orc:1    | Entered Level 1 of the Orcish Mines
 10764 | Orc:1    | Found Agussavu's Assorted Antiques.
 10831 | Orc:2    | Entered Level 2 of the Orcish Mines
 10831 | Orc:2    | Found a staircase to the Elven Halls.
 10862 | Orc:1    | Noticed a cyclops
 10862 | Orc:1    | Noticed an orc sorcerer
 10958 | Orc:2    | Reached skill level 1 in Dodging
 10958 | Orc:2    | Reached XP level 12. HP: 57/77 MP: 18/18
 10960 | Orc:2    | Reached ***** piety under Makhleb
 11047 | Orc:2    | Reached skill level 10 in Armour
 11057 | Orc:1    | Reached skill level 10 in Fighting
 11057 | Orc:1    | Reached skill level 11 in Axes
 11241 | Orc:1    | Found a runed translucent gate.
 11241 | Orc:1    | Found a runed translucent gate.
 11241 | Orc:1    | Found a runed translucent gate.
 11245 | Orc:1    | Noticed Dootley's ghost (journeyman FoFi)
 11565 | Orc:2    | Noticed an orc warlord
 11866 | D:10     | Entered Level 10 of the Dungeon
 11866 | D:10     | Found a snail-covered altar of Cheibriados.
 11907 | D:10     | Found a shimmering altar of Xom.
 11926 | D:10     | Reached skill level 5 in Shields
 11934 | D:10     | Found a staircase to the Lair.
 12062 | D:10     | Noticed a two-headed ogre
 12069 | D:10     | Killed a two-headed ogre
 12179 | D:10     | Found a shimmering blue altar of Sif Muna.
 12463 | Lair:1   | Entered Level 1 of the Lair of Beasts
 12508 | Lair:1   | Found a gate leading to a gauntlet.
 12517 | Gauntlet | Entered a Gauntlet
 12517 | Gauntlet | Noticed a tengu warrior
 12517 | Gauntlet | Found a transporter.
 12517 | Gauntlet | Found a transporter.
 12517 | Gauntlet | Found a transporter.
 12518 | Gauntlet | Found a transporter.
 12521 | Gauntlet | Found a transporter.
 12521 | Gauntlet | Found a transporter.
 12533 | Gauntlet | Found a transporter.
 12535 | Gauntlet | Found a transporter.
 12544 | Gauntlet | Noticed a hell beast
 12547 | Gauntlet | Found a transporter.
 12548 | Gauntlet | Noticed a reaper
 12650 | Gauntlet | Found a transporter.
 12651 | Gauntlet | Found a transporter.
 12664 | Gauntlet | Found a transporter.
 12798 | Gauntlet | Killed a tengu warrior
 13027 | Gauntlet | Identified the +0 helmet of Foapn {Int+3}
 13031 | Gauntlet | Mangled by a reaper

Illustrated notes

Levels and vault maps discovered:
D:1:      dpeg_arrival_tiny_k, layout_rooms
D:2:      layout_rooms, shapermc_ecumenical_altar_mp_urbaneastern,
          minmay_misc_feat_rugged, minmay_door_square
D:3:      layout_loops_cross, bloody_makhleb,
          nicolae_concentric_dashed_squares_wild
D:4:      layout_rooms, nemelex_altar_shiori,
          minmay_temple_entry_statues_fountains,
          nicolae_ossuary_entry_false_entrances, uniq_edmund
D:5:      layout_cave_pools, kennysheep_little_box, mainiacjoe_overflow_catwalk,
          serial_shops, shop, nicolae_shop_hallway_stairs, shop,
          nicolae_stop_n_shop_1, shop, uniq_grinder, uniq_duvessa, uniq_menkaure
D:6:      layout_basic, mainiacjoe_overflow_six_doors_small,
          minmay_misc_feat_columns, kennysheep_generic_room_5
D:7:      layout_rooms, ebering_ghost_inner_flame, enter_bailey_5,
          small_statue_intersection
D:8:      layout_basic, serial_glass, glass_columns_a, glass_columns_b,
          glass_columns_c, glass_columns_a, item_on_display_a,
          item_on_display_a, uniq_pikel, uniq_grum
D:9:      cheibrodos_statue_roulette, layout_cave_pools,
          nicolae_overflow_crystal_walls, gammafunk_temple_overflow_pools,
          kennysheep_orc_monster_closet_entryway
D:10:     layout_big_octagon, led_xom_imps, slow_altar_1,
          mainiacjoe_overflow_alcove_4, due_lair_maze_entry_diamond,
          serial_column_ruins, column_ruins_hut_ruined,
          column_ruins_square_small, column_ruins_corridor_dead_end,
          column_ruins_grid_4, column_ruins_corridor_straight
Lair:1:   layout_cellular_growth, gauntlet_entry_generic
Orc:1:    layout_caves, serial_shops, nicolae_shop_overgrown_old_shop,
          ebering_ghost_rock_garden
Orc:2:    st_orc_congregation, layout_diamond_mine
Gauntlet: gammafunk_gauntlet_hard_choice [gammafunk_gauntlet_arena_grid,
          gammafunk_gauntlet_arena_crates, nicolae_gauntlet_swirl,
          gammafunk_gauntlet_arena_chambers, gammafunk_gauntlet_arena_teeth,
          gammafunk_gauntlet_arena_arrow_garden, gauntlet_exit_watery]

Skill      XL: |  1  2  3  4  5  6  7  8  9 10 11 12 |
---------------+-------------------------------------+-----
Axes           | 1 2 3 4 5 6 8 9 10 11 | 11.7
Armour         | 4 5 6 7 8 9 10 | 10.6
Fighting       | 4 5 6 7 8 9 10 | 10.5
Invocations    | 2 3 4 6 7 8 9 |  9.4
Shields        | 4 6 |  6.6
Dodging        | 1 2 |  2.7
Maces & Flails | |  2.5

Action                   |  1- 3 |  4- 6 |  7- 9 | 10-12 || total
-------------------------+-------+-------+-------+-------++-------
Melee: Flail             |    59 |       |       |       ||    59
       Broad axe         |    39 |   194 |   173 |       ||   406
       War axe           |       |       |    38 |   443 ||   481
Throw: Throwing net      |       |       |       |     1 ||     1
Invok: Minor Destruction |       |       |     1 |       ||     1
       Lesser Servant of |       |       |       |     1 ||     1
Evoke: Wand              |       |       |       |     6 ||     6
  Use: Scroll            |       |     5 |     5 |     3 ||    13
       Potion            |       |       |     5 |     3 ||     8
Armor: Scale mail        |    78 |    21 |       |       ||    99
       Plate armour      |       |    84 |   225 |   292 ||   601
Dodge: Dodged            |    76 |    76 |    87 |   174 ||   413
Block: Buckler           |    39 |   115 |   157 |   164 ||   475
       Reflection        |       |     1 |     1 |    11 ||    13
       Kite shield       |       |       |       |   203 ||   203

Table legend: (Time is in decaauts)
 A = Elapsed time spent in this place.
 B = Non-inter-level travel time spent in this place.
 C = Inter-level travel time spent in this place.
 D = Time resting spent in this place.
 E = Time spent auto-exploring this place.
 F = Levels seen in this place.
 G = Mean time per level.
                   A        B        C        D        E       F      G
               +--------+--------+--------+--------+--------+-----+--------+
         Total |  13276 |  12933 |    343 |   3772 |   6554 |  16 |  829.8 |
       Dungeon |  10646 |  10337 |    309 |   3116 |   5372 |  10 | 1064.6 |
          Lair |     55 |     55 |      0 |      0 |      0 |   1 |   55.0 |
  Orcish Mines |   1059 |   1025 |     34 |    253 |    525 |   2 |  529.5 |
       Ossuary |    427 |    427 |      0 |      0 |    324 |   1 |  427.0 |
        Bailey |    565 |    565 |      0 |    280 |    142 |   1 |  565.0 |
      Gauntlet |    522 |    522 |      0 |    123 |    191 |   1 |  522.0 |
               +--------+--------+--------+--------+--------+-----+--------+

Top non-repeatable levels by time:
     D:4: 2155 daAuts
     D:9: 1447 daAuts
     D:1: 1185 daAuts
     D:5: 1032 daAuts
     D:8: 977 daAuts
     D:6: 968 daAuts
     D:2: 907 daAuts
     D:3: 863 daAuts
   Orc:1: 703 daAuts
    D:10: 602 daAuts
  Bailey: 565 daAuts
Gauntlet: 522 daAuts
     D:7: 506 daAuts
 Ossuary: 427 daAuts
   Orc:2: 356 daAuts
